 Dungeon Sprint DCSS version 0.28-a0-312-gbced6e68ee (webtiles) character file.

Game seed: 3560671523767087400

25631 Ankalagon the Impaler (level 13, -4/204 HPs)
             Began as a Naga Berserker on Aug 30, 2021.
             Was the Champion of Trog.
             Slain by the 27-headed Lernaean hydra (8 damage)
             ... in the Dungeon (Sprint I: "Red Sonja").
             The game lasted 00:18:46 (4007 turns).

Ankalagon the Impaler (Naga Berserker)              Turns: 4007, Time: 00:18:47

Health: -4/204     AC: 20    Str: 22    XL:     13   Next: 20%
Magic:  11/11      EV: 18    Int:  4    God:    Trog [******]
Gold:   1380       SH:  0    Dex: 26    Spells: 12/12 levels left

rFire   + . .      SeeInvis +   t - +2 glaive (flame) {god gift}
rCold   . . .      Faith    .   (shield currently unavailable)
rNeg    + . .      Spirit   .   n - +0 troll leather armour
rPois   +          Reflect  .   (no helmet)
rElec   +          Harm     .   o - +0 cloak
rCorr   .          Rampage  .   (no gloves)
Will    +....      NoTele   +   m - +4 barding
Stlth   ..........              (no amulet)
HPRegen 1.44/turn               w - ring of protection from fire
MPRegen 0.12/turn               l - ring "Vaskept" {rElec rN+ Str+2 Dex+9 Stlth-}

@: berserking, unable to read, quick
A: AC +4, large, see invisible, deformed body, poison resistance, slowness 2,
spit poison 1, naga tail 2, agile 1, dopey 2, low mp 1, screaming 1, subdued
magic 1, inability to read while threatened
a: Spit Poison, Renounce Religion, Berserk, Trog's Hand, Brothers in Arms


You were in the Dungeon.
You worshipped Trog.
Trog was exalted by your worship.
You visited 1 branch You collected 3343 gold pieces.
You spent 1963 gold pieces at shops.

Inventory:

Hand Weapons
 a - a +0 spear
 b - a +0 shortbow
 k - a +0 scythe
 q - a +0 shortbow
 s - a +5 great sword {god gift}
 t - a +2 glaive of flaming (weapon) {god gift}
 x - a +5 halberd of flaming {god gift}
 y - a +1 antimagic bardiche {god gift}
 z - a +2 trident {god gift}
 C - the +12 shortbow of Pain and Death {vorpal, Fly rF+ rC++ Dex-2}
   (You found it in the Dungeon)

   Any ammunition fired from it inflicts extra damage upon your enemies.
   Dex:       It affects your dexterity (-2).
   rF:        It protects you from fire.
   rC:        It greatly protects you from cold.
   Fly:       It grants you flight.
 F - a +2 vorpal glaive {god gift}
Missiles
 h - 4 curare-tipped darts
 p - 29 arrows
Armour
 j - a +0 scale mail
 m - a +4 barding (worn)
 n - a +0 troll leather armour (worn)
 o - a +0 cloak (worn)
Jewellery
 l - the ring "Vaskept" (right hand) {rElec rN+ Str+2 Dex+9 Stlth-}
   (You acquired it in the Dungeon)

   [ring of positive energy]

   Str:       It affects your strength (+2).
   Dex:       It affects your dexterity (+9).
   rElec:     It insulates you from electricity.
   rN:        It protects you from negative energy.
   Stlth:     It makes you less stealthy.
 u - a ring of flight
 v - a +4 ring of protection
 w - a ring of protection from fire (left hand)
 H - a ring of protection from cold
Wands
 d - a wand of digging (2)
 D - a wand of mindburst (8)
Scrolls
 r - 2 scrolls of enchant weapon
 A - a scroll of amnesia
 G - 2 scrolls of identify
 I - a scroll of acquirement
Potions
 c - 6 potions of curing
 e - a potion of haste
 f - 2 potions of magic
 i - 2 potions of flight
Miscellaneous
 B - a piece from Xom's chessboard (15/15)
 J - a lightning rod (4/4)


   Skills:
 + Level 14.3 Fighting
 - Level 20.0 Polearms
 + Level 12.2 Armour
 + Level 12.2 Dodging
 - Level 11.3 Evocations


You had 12 spell levels left.
You didn't know any spells.
Your spell library was empty.

Dungeon Overview and Level Annotations

Branches:
Dungeon (1/1)

Altars:
Cheibriados
Dithmenos
Elyvilon
Fedhas
Gozag
Hepliaklqana
Kikubaaqudgha
Makhleb
Nemelex Xobeh
Okawaru
Qazlal
Ru
Sif Muna
Trog
Uskayaw
Vehumet
Wu Jian
Xom
Yredelemnul
Zin
The Shining One
Jiyva
Lugonu

Shops:
D ?=[

Annotations:
D Lernaean hydra


Innate Abilities, Weirdness & Mutations

Your serpentine skin is tough. (AC +4)
You have supernaturally acute eyesight. (SInv)
Armour fits poorly on your strangely shaped body.
Your system is resistant to poisons. (rPois)
You cover ground very slowly.
You can spit poison.
You can use your snake-like lower body to constrict enemies.
You are agile. (Dex +2)
You are very dopey. (Int -4)
Your magical capacity is low. (-10% MP)
You occasionally shout uncontrollably at your foes.
Your spells are a little easier to cast, but a little less powerful.
You sometimes lose the ability to read scrolls when taking damage.


Message History

* * * LOW HITPOINT WARNING * * *
The 27-headed Lernaean hydra bites you.
* * * LOW HITPOINT WARNING * * *
The 27-headed Lernaean hydra closely misses you.
The 27-headed Lernaean hydra completely misses you.
The 27-headed Lernaean hydra bites you.
* * * LOW HITPOINT WARNING * * *
The 27-headed Lernaean hydra bites you!
* * * LOW HITPOINT WARNING * * *
The 27-headed Lernaean hydra closely misses you.
The 27-headed Lernaean hydra completely misses you.
The 27-headed Lernaean hydra bites you but does no damage.
The 27-headed Lernaean hydra closely misses you.
The 27-headed Lernaean hydra bites you.
* * * LOW HITPOINT WARNING * * *
The 27-headed Lernaean hydra closely misses you.
The 27-headed Lernaean hydra completely misses you.
The 27-headed Lernaean hydra closely misses you.
The 27-headed Lernaean hydra bites you!
* * * LOW HITPOINT WARNING * * *
The 27-headed Lernaean hydra closely misses you.
The 27-headed Lernaean hydra bites you but does no damage.
The 27-headed Lernaean hydra closely misses you.
The 27-headed Lernaean hydra barely misses you.
The 27-headed Lernaean hydra bites you but does no damage.
The 27-headed Lernaean hydra bites you.
* * * LOW HITPOINT WARNING * * *
The 27-headed Lernaean hydra misses you.
Your ball python bites the 27-headed Lernaean hydra.
There is an open door, spattered with blood here.
Unknown command.
Unknown command.
Okay, then.
Unknown command.
A red film seems to cover your vision as you go berserk!
You feel yourself moving faster!
You feel mighty!
Your ball python bites the 27-headed Lernaean hydra.
The 27-headed Lernaean hydra bites you but does no damage. x2
The 27-headed Lernaean hydra bites you!
You die...

°'.....##.§.#.#..≈..#.#***+*,,,,*
.#.....#..§##.#..≈.##+#,,,,**,,,*
○###++##.##...#..≈##§..,,,,,**,,*
###..###..#'###..≈#.§..§,,,,,*,,*
####..###...#.≈..##§...§,,,,,**,*
#..#(.#.###.#.≈..#§..§§D,,,,,,*,*
#..°..○°..#.###..#,..§§,,,,,,,*,*
#...°.°...#)#.+..##.§,,,,,,,,**,*
'....○.####'#.##@##,,,,,,,,,,*,,*
##...###..))#^#≈D≈##,,,,,,,,**,,*
.#####...####°#S≈B≈##,,,,,,**,,,*
....)..###,,°.#≈≈≈≈≈#*******,,,,*
...#####,^,,####≈≈≈≈#≈≈≈≈≈*,,,,,*
..##,,,,,,,,*,,#'≈≈≈'≈≈.≈≈',,,,,*
.##,,,,,,,,,*,,$##≈≈#≈≈≈≈≈*≈≈≈,,*
.#,,,,,,,,,,*,,$,*#####'*****≈≈≈*
##****,,,,,,*,$$,*≈≈≈≈≈≈≈≈≈≈**≈≈*


You could see the 27-headed Lernaean hydra (ally target), a friendly giant
cockroach (summoned) and a friendly ball python (summoned).

Vanquished Creatures
  A daeva (D)
  4 fire giants (D)
  A lorocyproca (D)
  A deep elf annihilator (D)
  A mummy priest (D)
  A hydra (D)
  2 centaur warriors (D)
  Sonja (D)
  A deep troll (D)
  A lindwurm (D)
  2 oklob plants (D)
  8 shining eyes (D)
  2 merfolk sirens (D)
  A gargoyle (D)
  7 unseen horrors (D)
  3 demonic crawlers (D)
  2 kobold demonologists (D)
  A hellwing (D)
  A meliai (D)
  5 hornets (D)
  A slime creature (D)
  2 redbacks (D)
  Sigmund (D)
  13 hogs (D)
  A yak (D)
  7 floating eyes (D)
  An ogre (D)
  7 necrophages (D)
  8 jellies (D)
  Ijyb (D)
  A ballistomycete spore (D)
89 creatures vanquished.

Vanquished Creatures (collateral kills)
  A demonic crawler (D)
1 creature vanquished.

Vanquished Creatures (others)
  A gargoyle (D)
  A ballistomycete spore (D)
2 creatures vanquished.

Grand Total: 92 creatures vanquished

Notes
Turn   | Place    | Note
-------+----------+-------------------------------------------
     0 | D        | Ankalagon the Naga Berserker began the quest for the Orb.
     0 | D        | Reached XP level 1. HP: 21/21 MP: 1/1
     1 | D        | Noticed Ijyb
     5 | D        | Killed Ijyb
     6 | D        | Reached skill level 6 in Polearms
     6 | D        | Reached XP level 2. HP: 28/28 MP: 2/2
     6 | D        | Reached XP level 3. HP: 34/34 MP: 3/3
   159 | D        | Noticed an ogre
   163 | D        | Killed an ogre
   164 | D        | Reached skill level 9 in Polearms
   164 | D        | Reached XP level 4. HP: 42/42 MP: 4/4
   277 | D        | Noticed Sigmund
   285 | D        | Killed Sigmund
   285 | D        | Reached ** piety under Trog
   286 | D        | Reached skill level 12 in Polearms
   286 | D        | Reached XP level 5. HP: 50/50 MP: 5/5
   286 | D        | Reached XP level 6. HP: 57/57 MP: 6/6
   325 | D        | Found an ornate altar of the Wu Jian Council.
   325 | D        | Found a shimmering blue altar of Sif Muna.
   331 | D        | Found a radiant altar of Vehumet.
   362 | D        | Found Itterri's Jewellery Emporium.
   362 | D        | Found an ancient bone altar of Kikubaaqudgha.
   362 | D        | Found a hazy altar of Hepliaklqana.
   362 | D        | Found a stormy altar of Qazlal.
   362 | D        | Found a hide-covered altar of Uskayaw.
   362 | D        | Found a blossoming altar of Fedhas.
   362 | D        | Found a bloodstained altar of Trog.
   362 | D        | Found an iron altar of Okawaru.
   362 | D        | Found a basalt altar of Yredelemnul.
   362 | D        | Found a glowing golden altar of the Shining One.
   362 | D        | Found a snail-covered altar of Cheibriados.
   362 | D        | Found a sacrificial altar of Ru.
   362 | D        | Found a glowing silver altar of Zin.
   362 | D        | Found a shadowy altar of Dithmenos.
   362 | D        | Found a white marble altar of Elyvilon.
   362 | D        | Noticed a yak
   372 | D        | Killed a yak
   373 | D        | Reached skill level 5 in Fighting
   373 | D        | Reached XP level 7. HP: 67/67 MP: 7/7
   373 | D        | Found an opulent altar of Gozag.
   374 | D        | Found a sparkling altar of Nemelex Xobeh.
   466 | D        | Found a viscous altar of Jiyva.
   466 | D        | Found a corrupted altar of Lugonu.
   466 | D        | Noticed a slime creature
   467 | D        | Found a burning altar of Makhleb.
   467 | D        | Found a shimmering altar of Xom.
   478 | D        | Killed a slime creature
   478 | D        | Reached *** piety under Trog
   479 | D        | Reached skill level 5 in Armour
   479 | D        | Reached skill level 5 in Dodging
   630 | D        | Noticed a kobold demonologist
   636 | D        | Paralysed by a floating eye for 4 turns
   650 | D        | Noticed a rust devil
   659 | D        | Killed a kobold demonologist
   660 | D        | Reached XP level 8. HP: 77/81 MP: 8/8
   745 | D        | Noticed a kobold demonologist
   760 | D        | Killed a kobold demonologist
   760 | D        | Reached **** piety under Trog
   764 | D        | Noticed a demonic crawler
   764 | D        | Noticed a demonic crawler
   764 | D        | Noticed a demonic crawler
   764 | D        | Noticed a demonic crawler
   770 | D        | Killed a demonic crawler
  1041 | D        | Killed a gargoyle
  1090 | D        | Noticed Sonja
  1106 | D        | Killed Sonja
  1107 | D        | Reached skill level 10 in Fighting
  1107 | D        | Reached XP level 9. HP: 93/93 MP: 9/9
  1232 | D        | Found Piuggot's Magic Scroll Boutique.
  1252 | D        | Noticed a deep troll
  1277 | D        | Killed a deep troll
  1521 | D        | Found Bude's Armour Emporium.
  1526 | D        | Bought a +0 cloak for 63 gold pieces
  1548 | D        | Noticed a centaur warrior
  1551 | D        | Noticed a centaur warrior
  1584 | D        | Killed a centaur warrior
  1594 | D        | Killed a centaur warrior
  1595 | D        | Reached skill level 10 in Armour
  1595 | D        | Reached skill level 10 in Dodging
  1595 | D        | Reached XP level 10. HP: 32/106 MP: 10/10
  1688 | D        | Noticed an oklob plant
  1700 | D        | Killed an oklob plant
  1700 | D        | Reached ***** piety under Trog
  1865 | D        | Noticed an unseen horror
  1866 | D        | Noticed an unseen horror
  1927 | D        | Killed an unseen horror
  1927 | D        | Received a gift from Trog
  1930 | D        | Killed an unseen horror
  2292 | D        | Noticed a lindwurm
  2306 | D        | Killed a lindwurm
  2307 | D        | Reached XP level 11. HP: 91/117 MP: 11/11
  2346 | D        | Received a gift from Trog
  2369 | D        | Reached skill level 13 in Polearms
  2374 | D        | Reached ****** piety under Trog
  2381 | D        | Received a gift from Trog
  2396 | D        | Reached skill level 14 in Polearms
  2404 | D        | Noticed a 12-headed hydra
  2409 | D        | Killed a ten-headed hydra
  2409 | D        | Paralysed by a floating eye for 2 turns
  2430 | D        | Noticed a daeva
  2497 | D        | Noticed a deep elf annihilator
  2512 | D        | Killed a deep elf annihilator
  2513 | D        | Reached skill level 15 in Polearms
  2513 | D        | Received a gift from Trog
  2523 | D        | Reached skill level 16 in Polearms
  2628 | D        | Noticed a mummy priest
  2629 | D        | Noticed a phantasmal warrior
  2689 | D        | Bought a +4 ring of protection for 504 gold pieces
  2689 | D        | Bought a ring of protection from fire for 350 gold pieces
  2766 | D        | Bought a scroll of acquirement for 624 gold pieces
  2767 | D        | Acquired the ring "Vaskept" {rElec rN+ Str+2 Dex+9 Stlth-}
  2772 | D        | Bought 3 scrolls of identify for 72 gold pieces
  2812 | D        | Received a gift from Trog
  2817 | D        | Reached skill level 1 in Evocations
  2834 | D        | Reached skill level 17 in Polearms
  2835 | D        | Received a gift from Trog
  2861 | D        | Identified the +12 shortbow of Pain and Death {vorpal, Fly
                  | rF+ rC++ Dex-2}
  2910 | D        | Noticed a shining eye
  2910 | D        | Noticed a shining eye
  2910 | D        | Noticed a shining eye
  2910 | D        | Gained mutation: You sometimes lose the ability to read
                  | scrolls when taking damage. [a shining eye]
  2911 | D        | Paralysed by a floating eye for 2 turns
  2917 | D        | Paralysed by a floating eye for 3 turns
  2924 | D        | Killed a shining eye
  2924 | D        | Identified the +2 great mace "Tino" {god gift, vorpal,
                  | rPois} (Trog gifted it to you in the Dungeon)
  2924 | D        | Received a gift from Trog
  2925 | D        | Reached XP level 12. HP: 126/126 MP: 12/12
  2928 | D        | Reached skill level 5 in Evocations
  3050 | D        | Gained mutation: You are dopey. (Int -2) [a shining eye]
  3068 | D        | Reached skill level 18 in Polearms
  3069 | D        | Gained mutation: You are agile. (Dex +2) [a shining eye]
  3073 | D        | Paralysed by a floating eye for 3 turns
  3081 | D        | Paralysed by a floating eye for 2 turns
  3085 | D        | Gained mutation: You occasionally shout uncontrollably at
                  | your foes. [a shining eye]
  3087 | D        | Gained mutation: You have hidden genetic defects. [a
                  | shining eye]
  3088 | D        | Gained mutation: Your magical capacity is low. (-10% MP) [a
                  | shining eye]
  3159 | D        | Killed a daeva
  3159 | D        | Received a gift from Trog
  3210 | D        | Identified the +11 war axe of the Gloaming {venom, Drain
                  | rN+++ Int+3 Stlth-}
  3238 | D        | Reached skill level 10 in Evocations
  3242 | D        | Gained mutation: You are very dopey. (Int -4) [hidden
                  | defects]
  3245 | D        | Noticed a fire giant
  3257 | D        | Noticed a fire giant
  3259 | D        | Killed a fire giant
  3259 | D        | Received a gift from Trog
  3260 | D        | Reached skill level 19 in Polearms
  3267 | D        | Killed a fire giant
  3329 | D        | Noticed a fire giant
  3331 | D        | Noticed a fire giant
  3338 | D        | Killed a fire giant
  3346 | D        | Killed a fire giant
  3346 | D        | Received a gift from Trog
  3347 | D        | Reached skill level 20 in Polearms
  3347 | D        | Gained mutation: You can use your snake-like lower body to
                  | constrict enemies. [Naga growth]
  3347 | D        | Reached XP level 13. HP: 54/134 MP: 11/11
  3354 | D        | Gained mutation: Your spells are a little easier to cast,
                  | but a little less powerful. [hidden defects]
  3354 | D        | Lost mutation: You have hidden genetic defects. [hidden
                  | defects expressed]
  3456 | D        | Noticed a lorocyproca
  3467 | D        | Killed a lorocyproca
  3557 | D        | Bought a ring of protection from cold for 350 gold pieces
  3874 | D        | Killed a mummy priest
  3970 | D        | Noticed a shadow dragon
  4002 | D        | Noticed the 27-headed Lernaean hydra
  4006 | D        | HP: 4/136 [the 27-headed Lernaean hydra (7)]
  4007 | D        | Slain by the 27-headed Lernaean hydra

Illustrated notes

Levels and vault maps discovered:
D:        dungeon_sprint_1 [red_sonja_temple_1, red_sonja_temple_small_1]

Skill      XL: |  1  2  3  4  5  6  7  8  9 10 11 12 13 |
---------------+----------------------------------------+-----
Polearms       | 6 9 12 17 20 | 20.0
Armour         | 2 4 6 8 10 11 12 | 12.2
Dodging        | 2 4 6 8 10 11 12 | 12.2
Fighting       | 5 8 10 12 13 14 | 14.3
Evocations     | 4 11 | 11.3

Action                   |  1- 3 |  4- 6 |  7- 9 | 10-12 | 13-15 || total
-------------------------+-------+-------+-------+-------+-------++-------
Melee: Spear             |     4 |    16 |   104 |   170 |       ||   294
       Glaive            |       |       |       |   232 |    40 ||   272
       Constrict         |       |       |       |       |     4 ||     4
Invok: Berserk           |     2 |     3 |     6 |     9 |       ||    20
       Brothers in Arms  |       |       |     1 |     1 |       ||     2
       Trog's Hand       |       |       |     1 |     3 |       ||     4
 Abil: Spit Poison       |     2 |     3 |     5 |    11 |       ||    21
Evoke: Wand              |       |       |       |     1 |     3 ||     4
       Piece from Xom's  |       |       |       |       |     2 ||     2
  Use: Scroll            |       |       |     1 |     7 |     4 ||    12
       Potion            |       |       |     1 |       |     1 ||     2
 Stab: Sleeping          |       |       |       |     1 |       ||     1
Armor: Scale mail        |       |       |    51 |       |       ||    51
       Troll leather arm |       |       |    24 |   198 |    38 ||   260
Dodge: Dodged            |     1 |     1 |    46 |   196 |    44 ||   288

Table legend: (Time is in decaauts)
 A = Elapsed time spent in this place.
 B = Non-inter-level travel time spent in this place.
 C = Inter-level travel time spent in this place.
 D = Time resting spent in this place.
 E = Time spent auto-exploring this place.
 F = Levels seen in this place.
 G = Mean time per level.
                   A        B        C        D        E       F      G
               +--------+--------+--------+--------+--------+-----+--------+
         Total |   4433 |   4040 |    393 |   2176 |      0 |   1 | 4433.0 |
       Dungeon |   4433 |   4040 |    393 |   2176 |      0 |   1 | 4433.0 |
               +--------+--------+--------+--------+--------+-----+--------+

Top non-repeatable levels by time:
       D: 4433 daAuts
